 Dungeon Crawl Stone Soup version 0.30.0-29-ga12c61a403 (webtiles) character file.

Game seed: 16656298369592322368

826 qw the Chopper (level 7, -13/44 HPs)
             Began as a Gargoyle Fighter on June 4, 2023.
             Killed from afar by Dowan (14 damage)
             ... with a stone arrow
             ... on level 5 of the Dungeon.
             The game lasted 00:02:07 (4050 turns).

qw the Chopper (Gargoyle Fighter)                   Turns: 4050, Time: 00:02:07

Health: -13/44     AC: 15    Str: 22    XL:     7   Next: 96%
Magic:  7/7        EV:  9    Int:  8    God:
Gold:   165        SH:  4    Dex:  9    Spells: 6/6 levels left

rFire   . . .        Y - +2 war axe
rCold   . . .        c - +0 buckler
rNeg    + + .        b - +0 scale mail
rPois   inf          (no helmet)
rElec   +            f - +0 cloak
rCorr   .            h - +0 pair of gloves
SInv    .            s - +0 pair of boots
Will    .....        m - amulet of faith Stlth
                     n - ring of positive energy
HPRegen 0.27/turn    (no ring)
MPRegen 0.10/turn

%: faith
@: lit by a corona, glowing
A: sickness immunity, AC +4, negative energy resistance 1, electricity
resistance, torment resistance 1, petrification resistance
a: no special abilities


You were on level 5 of the Dungeon.
You visited 1 branch of the dungeon, and saw 5 of its levels.

You collected 165 gold pieces.


Innate Abilities, Weirdness & Mutations

You are immune to sickness and miasma.
Your stone body is resilient. (AC +4)
You are immune to poison.
You resist negative energy. (rN+)
You are resistant to electric shocks. (rElec)
You are resistant to unholy torment.
You are immune to petrification.


   Skills:
 - Level 5.0 Fighting
 + Level 7.2 Axes
 - Level 3.2 Armour
 - Level 1.2 Dodging
 - Level 3.2 Shields


You had 6 spell levels left.
You didn't know any spells.
Your spell library was empty.

Inventory:

Hand Weapons
 p - a +0 flail
 Y - a +2 war axe (weapon)
Armour
 b - a +0 scale mail (worn)
 c - a +0 buckler (worn)
 f - a +0 cloak (worn)
 h - a +0 pair of gloves (worn)
 s - a +0 pair of boots (worn)
Jewellery
 m - an amulet of faith (around neck)
 n - a ring of positive energy (left hand)
 t - a ring of ice
Scrolls
 a - a scroll of identify
 g - a scroll of silence {unknown}
Potions
 d - 3 potions of might
 e - 2 potions of attraction
 i - a potion of curing
 k - a potion of magic
 l - a potion of heal wounds
 o - a potion of haste {unknown}

Dungeon Overview and Level Annotations

Branches:
Dungeon (5/15)
 Temple: D:4-7

Altars:
Ashenzari
Zin

Annotations:
D:3 1 runed translucent door, Crazy Yiuf
D:5 Dowan


Message History

You slash the hound! You barely miss Duvessa.
Duvessa hits you but does no damage. The hound barely misses you.
You block Duvessa's attack. The hound bites you but does no damage.
Dowan hits you with a +0 dagger.
You hit the hound but do no damage.
The hound is almost dead.
You hit Duvessa but do no damage. You barely miss Dowan.
Duvessa hits you with a +0 short sword! The hound bites you.
Dowan gestures at you while chanting.
The puff of flame hits you but does no damage.
Duvessa hits you but does no damage. The hound closely misses you.
You closely miss the hound.
The hound is almost dead.
You hit Dowan. You hit Duvessa. Duvessa hits you with a +0 short sword.
The hound bites you but does no damage.
Dowan mumbles some strange words.
Dowan blinks!
Duvessa closely misses you.
You closely miss the hound.
The hound is almost dead.
You slash Duvessa! The hound bites you but does no damage.
Duvessa hits you but does no damage. The hound bites you but does no damage.
You slash the hound!
You kill the hound!
You hit Duvessa. You slash the dart slug!
You kill the dart slug!
Duvessa hits you but does no damage.
Dowan casts a spell.
Dowan blinks!
Duvessa barely misses you.
Your Fighting skill increases to level 5!
You slash Duvessa!
You kill Duvessa!
Dowan screams, "No!
No!"
Dowan seems to find hidden reserves of power!
Dowan casts a spell at you. The shard of ice hits you!
Dowan says, "Magic will overcome all!"
Dowan casts a spell at you. The stone arrow hits you!
You die...

#.########## ......
#.############ #..
#............# ######
########.....# #.....
#.....# #######.....
#####.# ##...........
########.#.##+#####.....
......%......).# ######
....e..@.......#
.......).......#
...............#
.........>.....#
...............#
.....#+#.......+ #####
#...... ...#+#


You could see Dowan (fast).

Vanquished Creatures
  Eustachio (D:5)
  Duvessa (D:5)
  A black bear (D:4)
  An ogre (D:5)
  2 scorpions
  A hound (D:5)
  A gnoll bouda (D:5)
  An iguana (D:4)
  Ijyb (D:4)
  A sleepcap (D:5)
  12 gnolls
  5 adders
  4 dart slugs
  8 orcs
  4 ball pythons
  9 endoplasms
  3 giant cockroaches
  5 goblins
  6 hobgoblins
  3 jackals (D:2)
  A quokka (D:1)
  8 bats
  3 frilled lizards
  6 kobolds
  10 rats
98 creatures vanquished.

Notes
Turn   | Place    | Note
-------+----------+-------------------------------------------
     0 | D:1      | qw the Gargoyle Fighter began the quest for the Orb.
     0 | D:1      | Reached XP level 1. HP: 14/14 MP: 1/1
     0 | D:1      | 0 ||| qw: Version: 0.2-a-106-g05974ce
     0 | D:1      | 0 ||| qw: Game counter: 1156
     0 | D:1      | 0 ||| qw: Always use a shield: true
     0 | D:1      | 0 ||| qw: God list: Okawaru
     0 | D:1      | 0 ||| qw: Allow faded altars: false
     0 | D:1      | 0 ||| qw: Do Orc after D:15 true
     0 | D:1      | 0 ||| qw: Do second Lair branch before Depths: true
     0 | D:1      | 0 ||| qw: Lair rune preference: random
     0 | D:1      | 0 ||| qw: Plans: Normal, Zot:1-4, Slime:5, God:TSO, Crypt,
                  | Tomb, Abyss, Pan, Hells, Win
     0 | D:1      | 0 ||| PLANNING D:1-11
   149 | D:1      | Found a faded altar of an unknown god.
   161 | D:1      | Reached skill level 2 in Axes
   405 | D:1      | Reached XP level 2. HP: 19/19 MP: 2/2
   667 | D:1      | Reached skill level 3 in Axes
   797 | D:1      | 797 ||| UPGRADING to +0 cloak.
   802 | D:1      | 802 ||| UPGRADING to +0 pair of gloves.
   807 | D:1      | 807 ||| DRINKING 2 fuming brown potions.
   880 | D:2      | 880 ||| Stepping ~*~*~tactically~*~*~ (hiding).
   886 | D:2      | Reached XP level 3. HP: 23/23 MP: 3/3
  1112 | D:2      | 1112 ||| READING scroll labelled NOWUOWN IPSO.
  1310 | D:2      | 1310 ||| Stepping ~*~*~tactically~*~*~ (stealth).
  1321 | D:2      | 1321 ||| Stepping ~*~*~tactically~*~*~ (stealth).
  1425 | D:2      | Reached XP level 4. HP: 24/28 MP: 4/4
  1431 | D:2      | Reached skill level 4 in Axes
  1431 | D:2      | 1431 ||| FLEEEEING.
  1432 | D:2      | 1432 ||| FLEEEEING.
  1433 | D:2      | 1433 ||| FLEEEEING.
  1434 | D:2      | 1434 ||| FLEEEEING.
  1435 | D:2      | 1435 ||| FLEEEEING.
  1436 | D:2      | 1436 ||| FLEEEEING.
  1437 | D:2      | 1437 ||| FLEEEEING.
  1442 | D:2      | 1442 ||| FLEEEEING.
  1443 | D:2      | 1443 ||| FLEEEEING.
  1444 | D:2      | 1444 ||| FLEEEEING.
  1445 | D:2      | 1445 ||| FLEEEEING.
  1450 | D:2      | 1450 ||| FLEEEEING.
  1451 | D:2      | 1451 ||| FLEEEEING.
  1452 | D:2      | 1452 ||| FLEEEEING.
  1453 | D:2      | 1453 ||| FLEEEEING.
  1458 | D:2      | 1458 ||| FLEEEEING.
  1459 | D:2      | 1459 ||| FLEEEEING.
  1460 | D:2      | 1460 ||| FLEEEEING.
  1637 | D:2      | 1637 ||| Stepping ~*~*~tactically~*~*~ (stealth).
  1741 | D:2      | 1741 ||| DROPPING ring of wizardry.
  1742 | D:2      | 1742 ||| READING scroll labelled SIVAUSU LEXIOZ.
  1774 | D:3      | Found a glowing silver altar of Zin.
  1786 | D:3      | 1786 ||| Stepping ~*~*~tactically~*~*~ (stealth).
  1970 | D:3      | Found a runed translucent door.
  1971 | D:3      | Noticed Crazy Yiuf
  2154 | D:3      | 2154 ||| READING scroll of enchant weapon.
  2154 | D:3      | 2154 ||| ENCHANTING +1 war axe.
  2343 | D:3      | 2343 ||| UPGRADING to +0 pair of boots.
  2348 | D:3      | 2348 ||| UPGRADING to ring of positive energy.
  2349 | D:3      | 2349 ||| READING 7 scrolls labelled MILLAY RIRUCUI.
  2350 | D:3      | 2350 ||| READING scroll labelled SIL MIUNUAWI.
  2351 | D:3      | 2351 ||| READING scroll labelled RYTZOSHOSKI.
  2352 | D:3      | 2352 ||| READING scroll labelled TUAMECL JUNEB.
  2395 | D:3      | 2395 ||| READING scroll labelled PAOCZO TEVVI.
  2396 | D:3      | 2396 ||| READING scroll labelled ZIDGHO LECI.
  2397 | D:3      | 2397 ||| DRINKING 2 fuming sapphire potions.
  2398 | D:3      | 2398 ||| READING 6 scrolls of identify.
  2398 | D:3      | 2398 ||| IDENTIFYING orange potion
  2399 | D:3      | 2399 ||| READING 5 scrolls of identify.
  2399 | D:3      | 2399 ||| IDENTIFYING fizzy golden potion
  2400 | D:3      | 2400 ||| READING 4 scrolls of identify.
  2400 | D:3      | 2400 ||| IDENTIFYING red potion
  2401 | D:3      | 2401 ||| READING 3 scrolls of identify.
  2401 | D:3      | 2401 ||| IDENTIFYING fizzy orange potion
  2402 | D:3      | 2402 ||| DROPPING potion of ambrosia.
  2403 | D:3      | 2403 ||| DROPPING potion of degeneration.
  2404 | D:3      | 2404 ||| DROPPING potion of flight.
  2466 | D:4      | Reached XP level 5. HP: 32/32 MP: 5/5
  2511 | D:4      | Noticed Ijyb
  2522 | D:4      | Killed Ijyb
  2559 | D:4      | 2559 ||| DROPPING +0 club.
  2659 | D:4      | Reached skill level 5 in Axes
  2944 | D:4      | Noticed a black bear
  2954 | D:4      | Reached XP level 6. HP: 20/38 MP: 6/6
  2954 | D:4      | Killed a black bear
  3449 | D:4      | 3449 ||| UPGRADING to amulet of faith.
  3454 | D:4      | 3454 ||| READING 3 scrolls of identify.
  3454 | D:4      | 3454 ||| IDENTIFYING glowing amethyst potion
  3455 | D:4      | 3455 ||| READING 2 scrolls of identify.
  3455 | D:4      | 3455 ||| IDENTIFYING ruby potion
  3456 | D:4      | 3456 ||| DROPPING potion of berserk rage.
  3506 | D:5      | Entered Level 5 of the Dungeon
  3513 | D:5      | 3513 ||| STAIRDANCE
  3520 | D:4      | Reached skill level 1 in Dodging
  3648 | D:5      | Reached XP level 7. HP: 41/44 MP: 7/7
  3712 | D:5      | 3712 ||| DROPPING +0 whip.
  3769 | D:5      | Reached skill level 6 in Axes
  3777 | D:5      | Noticed Eustachio
  3791 | D:5      | Killed Eustachio
  3792 | D:5      | 3792 ||| FLEEEEING.
  3793 | D:5      | 3793 ||| FLEEEEING.
  3796 | D:5      | 3796 ||| FLEEEEING.
  3797 | D:5      | 3797 ||| FLEEEEING.
  3800 | D:5      | 3800 ||| FLEEEEING.
  3801 | D:5      | 3801 ||| FLEEEEING.
  3802 | D:5      | 3802 ||| FLEEEEING.
  3803 | D:5      | 3803 ||| FLEEEEING.
  3804 | D:5      | 3804 ||| FLEEEEING.
  3805 | D:5      | 3805 ||| FLEEEEING.
  3806 | D:5      | 3806 ||| FLEEEEING.
  3861 | D:5      | Reached skill level 7 in Axes
  3974 | D:5      | Found a broken altar of Ashenzari.
  4034 | D:5      | Noticed Duvessa
  4034 | D:5      | Noticed Dowan
  4050 | D:5      | Killed Duvessa
  4050 | D:5      | HP: 1/44 [Dowan/shard of ice (13)]
  4050 | D:5      | Killed from afar by Dowan

Levels and vault maps discovered:
D:1:      dpeg_arrival_water_fire, layout_loops_ring, basic_ecumenical_altar,
          chequers_serial_rivers_small_a
D:2:      layout_basic, serial_bayou_pond_c
D:3:      layout_rooms, overflow_temple_1_default, grunt_decor_fettered,
          uniq_crazy_yiuf_cottage
D:4:      layout_cave_pods, uniq_ijyb
D:5:      layout_basic, grunt_dithmenos_smoke, old_standard_altar,
          minmay_temple_entry_junction, uniq_duvessa, uniq_eustachio

Skill      XL: |  1  2  3  4  5  6  7 |
---------------+----------------------+-----
Axes           | 2 3 4 5 7 |  7.2
Fighting       | 4 5 |  5.0
Dodging        | 1 |  1.2
Armour         | |  3.2
Shields        | |  3.2

Action                     |  1- 3 |  4- 6 |  7- 9 || total
---------------------------+-------+-------+-------++-------
  Melee: War axe           |    93 |   151 |    68 ||   312
    Use: Potion            |     1 |     1 |       ||     2
         Scroll            |     1 |    14 |       ||    15
 Armour: Scale mail        |    51 |    87 |    46 ||   184
         Skin              |       |     2 |       ||     2
  Dodge: Dodged            |    45 |    63 |    35 ||   143
  Block: Buckler           |    21 |    23 |    15 ||    59

Table legend:
 A = Non-vault XP
 B = Vault XP
 C = Vault XP percentage of total XP
 D = Non-vault monster count
 E = Vault monster count
 F = Vault count percentage of total count
                 A         B        C        D         E       F
            +---------+---------+-------+---------+---------+-------
      Total |     929 |     394 |  29.8 |      95 |       3 |   3.1
            +---------+---------+-------+---------+---------+-------
        D:1 |      33 |       0 |   0.0 |      18 |       0 |   0.0
        D:2 |     106 |       0 |   0.0 |      25 |       0 |   0.0
        D:3 |      24 |       0 |   0.0 |      14 |       0 |   0.0
        D:4 |     320 |      38 |  10.6 |      19 |       1 |   5.0
        D:5 |     446 |     356 |  44.4 |      19 |       2 |   9.5
            +---------+---------+-------+---------+---------+-------
